 Dungeon Crawl Stone Soup version 0.17-a0-1954-g0dddeaa (webtiles) character file.

32643 truemonolith the Eclecticist (level 13, 0/63 HPs)
             Began as a Deep Elf Conjurer on Oct 3, 2015.
             Was an Elder of Vehumet.
             Slain by a spiny frog (11 damage)
             ... on level 6 of the Lair of Beasts.
             The game lasted 01:30:25 (25900 turns).

truemonolith the Eclecticist (Deep Elf Conjurer)   Turns: 25900, Time: 01:30:26

Health: 0/63       AC: 14    Str:  5    XL:     13   Next: 32%
Magic:  27/35      EV: 18    Int: 29    God:    Vehumet [****..]
Gold:   740        SH:  0    Dex: 15    Spells: 9 memorised, 16 levels left

rFire  + . .     SeeInvis .     j - +10 dagger "ETAOIN SHRDLU" {venom, rC+}
rCold  + . .     Clarity  .     W - +2 leather armour {rF+}
rNeg   . . .     SustAt   .     (no shield)
rPois  .         Gourm    .     e - +1 hat {Int+3}
rElec  .         Spirit   .     o - +1 cloak
rCorr  .         Warding  .     c - +1 pair of gloves
rMut   +         Stasis   .     y - +0 pair of boots
MR     +....                    v - amulet of resist mutation
Stlth  ++........               (no ring)
                                D - +3 ring of protection

@: studying Armour, somewhat resistant to hostile enchantments, unstealthy
A: no striking features
a: Renounce Religion


You were on level 6 of the Lair of Beasts.
You worshipped Vehumet.
Vehumet was greatly pleased with you.
You were not hungry.

You visited 3 branches of the dungeon, and saw 17 of its levels.
You also visited: Labyrinth.

You collected 1000 gold pieces.
You spent 260 gold pieces at shops.

Inventory:

Hand weapons
 d - a +3 flail of protection
 j - the +10 dagger "ETAOIN SHRDLU" (weapon) {venom, rC+}
   (You found it in a labyrinth)

   It poisons the flesh of those it strikes.
   It protects you from cold.
 s - a +3 vampiric dagger
 C - the +2 scimitar of Causality {flame, Str+2}
   (You bought it in a shop on level 8 of the Dungeon)

   It has been specially enchanted to burn those struck by it, causing extra
   injury to most foes and up to half again as much damage against particularly
   susceptible opponents.
   Big, fiery blades are also staple armaments of hydra-hunters.
   It affects your strength (+2).
 J - a +3 short sword of speed
 V - the +4 arbalest "Impslayer" {elec, rPois rN+ Dex+3}
   (You found it in a labyrinth)

   It charges the ammunition it shoots with electricity; occasionally upon a
   hit, such missiles may discharge and cause terrible harm.
   It affects your dexterity (+3).
   It protects you from poison.
   It protects you from negative energy.
Armour
 c - a +1 pair of gloves (worn)
 e - a +1 hat of intelligence (worn)
 o - a +1 cloak (worn)
 y - a +0 pair of boots (worn)
 G - a +0 shadow dragon armour
 O - a +0 robe of fire resistance
 W - a +2 leather armour of fire resistance (worn)
Magical staves
 X - an uncursed staff of power
 Y - an uncursed staff of air
Jewellery
 v - an amulet of resist mutation (around neck)
 D - a +3 ring of protection (left hand)
 Z - an uncursed amulet of resist corrosion {unknown}
Magical devices
 h - a wand of draining (3)
 k - a wand of enslavement (14)
 l - a wand of polymorph (6)
 p - a wand of disintegration (24)
 E - a wand of paralysis (13)
 R - a wand of paralysis (13)
Scrolls
 a - 8 scrolls of identify
 g - 5 scrolls of remove curse
 t - 3 scrolls of recharging
 u - 6 scrolls of teleportation
 P - 2 scrolls of fear
Potions
 m - a potion of invisibility {unknown}
 q - 2 potions of curing
 r - 3 potions of brilliance
 F - a potion of flight {unknown}
 H - a potion of degeneration
 I - a potion of mutation {unknown}
 S - a potion of agility {unknown}
 U - a potion of heal wounds
Books
 b - a book of Conjurations

   Spells                             Type                      Level
   a - Magic Dart                     Conjuration                  1
   b - Searing Ray                    Conjuration                  2
   c - Dazzling Spray                 Conjuration/Hexes            3
   d - Fulminant Prism                Conjuration/Hexes            4
   e - Iskenderun's Mystic Blast      Conjuration                  4
   f - Iskenderun's Battlesphere      Conjuration/Charms           5
 f - a book of Burglary

   Spells                             Type                      Level
   a - Swiftness                      Charms/Air                   2
   b - Passwall                       Transmutation/Earth          3
   c - Passage of Golubria            Translocation                4
   d - Lee's Rapid Deconstruction     Earth                        5
   e - Darkness                       Hexes                        6
   f - Invisibility                   Hexes                        6
 i - a book of Party Tricks

   Spells                             Type                      Level
   a - Summon Butterflies             Summoning                    1
   b - Apportation                    Translocation                1
   c - Tukima's Dance                 Hexes                        3
   d - Alistair's Intoxication        Transmutation/Poison         4
   e - Invisibility                   Hexes                        6
 n - the Volume of Aid
   (You found it on level 3 of the Lair of Beasts)

   Spells                             Type                      Level
   a - Song of Slaying                Charms                       2
   b - Shroud of Golubria             Charms/Translocation         2
   c - Ozocubu's Armour               Charms/Ice                   3
   d - Excruciating Wounds            Charms/Necromancy            5
   e - Deflect Missiles               Charms/Air                   6
 w - a book of Callings

   Spells                             Type                      Level
   a - Summon Small Mammal            Summoning                    1
   b - Call Imp                       Summoning                    2
   c - Call Canine Familiar           Summoning                    3
   d - Summon Guardian Golem          Hexes/Summoning              3
   e - Summon Lightning Spire         Summoning/Air                4
   f - Summon Ice Beast               Ice/Summoning                4
 x - a manual of
Armour
 B - a book of Unlife

   Spells                             Type                      Level
   a - Recall                         Summoning/Translocation      3
   b - Animate Dead                   Necromancy                   4
   c - Control Undead                 Necromancy                   4
   d - Cigotuvi's Embrace             Necromancy                   5
   e - Death Channel                  Necromancy                   6
   f - Simulacrum                     Ice/Necromancy               6
 L - a Necronomicon

   Spells                             Type                      Level
   a - Haunt                          Necromancy/Summoning         7
   b - Borgnjor's Revivification      Necromancy                   8
   c - Death's Door                   Charms/Necromancy            8
   d - Necromutation                  Transmutation/Necromancy     8
 Q - a book of Minor Magic

   Spells                             Type                      Level
   a - Magic Dart                     Conjuration                  1
   b - Blink                          Translocation                2
   c - Call Imp                       Summoning                    2
   d - Repel Missiles                 Charms/Air                   2
   e - Slow                           Hexes                        2
   f - Conjure Flame                  Conjuration/Fire             3
   g - Mephitic Cloud                 Conjuration/Poison/Air       3
 T - a Fen Folio

   Spells                             Type                      Level
   a - Corpse Rot                     Necromancy                   2
   b - Stone Arrow                    Conjuration/Earth            3
   c - Leda's Liquefaction            Hexes/Earth                  4
   d - Summon Forest                  Summoning/Translocation      5
   e - Hydra Form                     Transmutation                6
   f - Summon Hydra                   Summoning                    7
Comestibles
 z - a bread ration
 A - a meat ration
 K - 2 slices of pizza
 M - 12 fruits
 N - a royal jelly


   Skills:
 - Level 11.1 Dodging
 - Level 2.4 Stealth
 - Level 16.0 Spellcasting
 - Level 14.5 Conjurations
 - Level 7.6 Charms
 - Level 1.4 Summonings
 + Level 9.7 Fire Magic


You had 16 spell levels left.
You knew the following spells:

 Your Spells              Type           Power        Failure   Level  Hunger
a - Magic Dart            Conj           ####         0%          1    None
b - Dazzling Spray        Conj/Hex       ######..     1%          3    None
c - Iskenderun's Battles  Conj/Chrm      ######..     1%          5    None
d - Iskenderun's Mystic   Conj           #######.     1%          4    None
e - Ignite Poison         Fire/Trmt/Pois #####...     1%          3    None
f - Swiftness             Chrm/Air       #####...     1%          2    None
g - Conjure Flame         Conj/Fire      #######.     1%          3    None
h - Call Imp              Summ           ####....     3%          2    None
i - Fireball              Conj/Fire      #######...   1%          5    None


Dungeon Overview and Level Annotations

Branches:
Dungeon (10/15)            Temple (1/1) D:4            Lair (6/8) D:9
  Swamp (0/4) Lair:3        Snake (0/4) Lair:4        Slime (0/6) Lair:6
    Orc (0/4) D:10

Altars:
Ashenzari
Cheibriados
Elyvilon
Fedhas
Gozag
Makhleb
Nemelex Xobeh
Okawaru
Qazlal
Ru
Sif Muna
Trog
Vehumet
Xom
Yredelemnul
Zin
The Shining One

Shops:
D:5 (   D:8 *   D:10 ?

Annotations:
D:10 Borgoz's ghost, powerful TrMo


Message History

Drink which item? (? for menu, Esc to quit)
You feel better. The spiny frog stings you!!
* * * LOW HITPOINT WARNING * * *
The giant frog completely misses you.
Casting: Iskenderun's Mystic Blast
Confirm with . or Enter, or press ? or * to list all spells.
Aiming: Iskenderun's Mystic Blast
Press: ? - help, Shift-Dir - straight line, f/p - spiny frog
Aim: a spiny frog (almost dead)
The orb of energy hits the spiny frog.
The spiny frog is almost dead.
The orb of energy explodes!
The mystic blast hits the giant frog.
You kill the giant frog!
Vehumet accepts your kill.
You feel your power returning.
Your battlesphere fires!
The barrage of energy hits the spiny frog.
The spiny frog is almost dead.
The spiny frog stings you!
You die...

##...PP#.....#.....#.#.
##..##....#......####
##.#.#...#.......# #
#..#.............. #
##................. #.
##..........#.#.#.. ##
#...*....##.##.##.. ..
#.#......#### ... ...
#...%@F..# ... #..
####P.†...... P. ##.
#.....(.... #.
.#....$....
#.#...#.....
.....##..... #. .P##
###.. #. ..#


You could see a spiny frog.

Vanquished Creatures
  Nessos (Lair:5)
  A minotaur (Lab)
  3 hydras
  A queen ant (Lair:3)
  An alligator (Lair:3)
  A hill giant (D:8)
  4 elephants (Lair:4)
  6 black mambas
  A torpor snail (Lair:6)
  4 gargoyles (Lab)
  A kobold demonologist (D:10)
  6 komodo dragons
  A fire drake (Lair:6)
  4 spiny frogs
  A troll (D:10)
  A giant leech (Lair:3)
  A two-headed ogre (D:9)
  A slime creature (Lair:6)
  8 blink frogs
  A spriggan (D:7)
  A wyvern (D:9)
  A deep elf fighter (D:9)
  A deep elf mage (D:10)
  12 yaks
  3 basilisks
  2 shadows (Lab)
  2 hungry ghosts (Lab)
  7 hippogriffs
  21 wolves
  10 soldier ants (Lair:3)
  2 sky beasts
  A wasp (D:10)
  8 porcupines
  6 orc warriors
  10 water moccasins
  2 phantoms
  An ice beast (D:8)
  2 centaurs (D:6)
  10 crocodiles
  7 ogres
  15 giant frogs
  An earth elemental (Lab)
  A scorpion (D:7)
  7 jellies
  The ghost of Loris the Shooter, a weakling HEHu (D:4)
  7 crimson imps
  2 centaur skeletons
  4 giant frog skeletons
  4 hounds
  9 orc priests
  9 orc wizards
  A gnoll shaman (D:4)
  11 iguanas
  A killer bee zombie (D:5)
  11 sheep
  45 worker ants
  An ogre skeleton (Lab)
  3 hound zombies
  A worker ant zombie (D:5)
  8 adders
  6 gnolls (D:4)
  58 river rats
  An ooze (D:1)
  An adder skeleton (D:4)
  2 adder zombies
  A worm (D:2)
  11 giant geckos
  52 orcs
  A ball python (D:8)
  7 goblins
  9 hobgoblins
  4 jackals (D:3)
  7 kobolds
  5 quokkas
  14 bats
  4 giant cockroaches
  A giant gecko skeleton (D:6)
  7 giant newts
  21 rats
  2 fungi (Lair:6)
513 creatures vanquished.

Vanquished Creatures (collateral kills)
  A water moccasin (Lair:6)
  A crocodile (Lair:6)
  A plant (Lair:6)
3 creatures vanquished.

Vanquished Creatures (others)
  15 fungi
  5 plants
20 creatures vanquished.

Grand Total: 536 creatures vanquished

Notes
Turn   | Place    | Note
--------------------------------------------------------------
     0 | D:1      | truemonolith the Deep Elf Conjurer began the quest for the Orb.
     0 | D:1      | Reached XP level 1. HP: 10/10 MP: 6/6
   271 | D:1      | Reached XP level 2. HP: 15/15 MP: 6/8
   994 | D:2      | Reached XP level 3. HP: 8/19 MP: 6/11
  1250 | D:2      | Reached skill level 5 in Spellcasting
  2101 | D:3      | Reached skill level 6 in Spellcasting
  2101 | D:3      | Reached XP level 4. HP: 11/24 MP: 10/14
  2468 | D:3      | Learned a level 3 spell: Dazzling Spray
  2850 | D:3      | Reached skill level 7 in Spellcasting
  2851 | D:3      | Noticed a phantom
  2878 | D:3      | Killed a phantom
  2878 | D:3      | Reached skill level 8 in Spellcasting
  2878 | D:3      | Reached XP level 5. HP: 25/28 MP: 0/17
  3263 | D:4      | Noticed an ogre
  3266 | D:4      | Noticed a phantom
  3451 | D:4      | Reached XP level 6. HP: 25/32 MP: 8/19
  3729 | D:4      | Found a staircase to the Ecumenical Temple.
  3769 | Temple   | Entered the Ecumenical Temple
  3860 | Temple   | Became a worshipper of Vehumet
  3917 | Temple   | Reached skill level 9 in Spellcasting
  4417 | D:4      | Killed an ogre
  4417 | D:4      | Reached skill level 5 in Conjurations
  4435 | D:4      | Killed a phantom
  4629 | D:4      | Noticed Loris's ghost (weakling HEHu)
  4652 | D:4      | Reached XP level 7. HP: 36/36 MP: 6/21
  4878 | D:4      | Noticed an ogre
  4886 | D:4      | Killed an ogre
  5027 | D:4      | Killed Loris's ghost
  5984 | D:4      | Acquired Vehumet's first power
  5984 | D:4      | Offered knowledge of Freeze by Vehumet.
  6006 | D:4      | Learned a level 5 spell: Iskenderun's Battlesphere
  6011 | D:4      | Learned a level 4 spell: Iskenderun's Mystic Blast
  6012 | D:5      | Entered Level 5 of the Dungeon
  6295 | D:5      | Reached XP level 8. HP: 41/41 MP: 14/23
  6417 | D:5      | Reached skill level 1 in Charms
  6741 | D:5      | Reached skill level 5 in Charms
  6940 | D:5      | Found a burning altar of Makhleb.
  6961 | D:5      | Found Pofoset's Weapon Shop.
  7559 | D:6      | Offered knowledge of Sandblast by Vehumet.
  9034 | D:7      | Reached XP level 9. HP: 45/45 MP: 15/24
  9413 | D:7      | Reached skill level 5 in Dodging
  9573 | D:7      | Offered knowledge of Ignite Poison by Vehumet.
  9584 | D:7      | Learned a level 3 spell: Ignite Poison
 10124 | D:8      | Noticed a hill giant
 10136 | D:8      | Killed a hill giant
 10440 | D:8      | Acquired Vehumet's second power
 10450 | D:8      | Reached skill level 10 in Dodging
 10661 | D:8      | Offered knowledge of Static Discharge by Vehumet.
 10661 | D:8      | Reached XP level 10. HP: 37/50 MP: 8/25
 10975 | D:8      | Found Zeepneri's Assorted Antiques.
 10984 | D:8      | Bought a steaming scimitar for 234 gold pieces
 10984 | D:8      | Bought a scroll labeled WOUNWU GUASOAPH for 26 gold pieces
 10985 | D:8      | Identified the +2 scimitar of Causality {flame, Str+2} (You bought it in a shop on level 8 of the Dungeon)
 11342 | D:9      | Learned a level 2 spell: Swiftness
 11490 | D:9      | Reached skill level 10 in Conjurations
 11490 | D:9      | Reached skill level 1 in Fire Magic
 11749 | D:9      | Acquired Vehumet's third power
 12264 | D:9      | Found a staircase to the Lair.
 12722 | D:10     | Entered Level 10 of the Dungeon
 12723 | D:10     | Noticed Borgoz's ghost (powerful TrMo)
 12824 | D:10     | Offered knowledge of Conjure Flame by Vehumet.
 12882 | D:10     | Reached skill level 10 in Spellcasting
 13106 | D:10     | Found Liejuann's Magic Scroll Shoppe.
 13175 | D:10     | Found a sacrificial altar of Ru.
 13324 | D:10     | HP: 3/75 [wasp (3)]
 13330 | D:10     | HP: 4/112 [poisoned by a wasp]
 13650 | D:10     | Found a staircase to the Orcish Mines.
 13690 | D:10     | Reached skill level 11 in Spellcasting
 13888 | D:10     | Learned a level 3 spell: Conjure Flame
 14413 | Lair:1   | Entered Level 1 of the Lair of Beasts
 14479 | Lair:1   | Reached skill level 12 in Spellcasting
 14758 | Lair:1   | Reached XP level 11. HP: 54/54 MP: 22/29
 15266 | Lair:1   | Reached skill level 13 in Spellcasting
 15775 | Lair:1   | Noticed a black mamba
 15779 | Lair:1   | Killed a black mamba
 16010 | Lair:2   | Reached skill level 5 in Fire Magic
 16232 | Lair:2   | Offered knowledge of Poisonous Cloud by Vehumet.
 18593 | Lair:3   | Reached XP level 12. HP: 59/59 MP: 9/31
 19301 | Lair:3   | Noticed a seven-headed hydra
 19664 | Lair:3   | Killed a seven-headed hydra
 20046 | Lair:3   | Identified the Volume of Aid (You found it on level 3 of the Lair of Beasts)
 20754 | Lair:3   | Found a staircase to the Swamp.
 20789 | Lair:3   | Offered knowledge of Fireball by Vehumet.
 20927 | Lair:3   | Reached skill level 14 in Conjurations
 20984 | Lair:3   | Noticed a queen ant
 21008 | Lair:3   | Killed a queen ant
 21374 | Lair:4   | Found a staircase to the Snake Pit.
 22672 | Lair:5   | Noticed Nessos
 22681 | Lair:5   | Killed Nessos
 23252 | Lair:5   | Learned a level 2 spell: Call Imp
 23404 | Lair:5   | Noticed a six-headed hydra
 23406 | Lair:5   | Killed a six-headed hydra
 23406 | Lair:5   | Reached XP level 13. HP: 63/63 MP: 26/33
 23491 | Lair:6   | Reached skill level 15 in Spellcasting
 23545 | Lair:6   | Found a staircase to the Slime Pits.
 23797 | Lair:6   | Found a labyrinth entrance.
 23807 | Lab      | Entered a labyrinth
 24290 | Lab      | Found an exit through the horrors of the Abyss.
 24890 | Lab      | Got a blackened dagger
 24890 | Lab      | Got a crude arbalest
 25003 | Lab      | Identified the +10 dagger "ETAOIN SHRDLU" {venom, rC+} (You found it in a labyrinth)
 25004 | Lab      | Identified the +4 arbalest "Impslayer" {elec, rPois rN+ Dex+3} (You found it in a labyrinth)
 25049 | Lair:6   | Reached skill level 16 in Spellcasting
 25052 | Lair:6   | Reached skill level 1 in Summonings
 25291 | Lair:6   | Found a runed door.
 25529 | Lair:6   | Learned a level 5 spell: Fireball
 25900 | Lair:6   | Slain by a spiny frog

Vault maps used:
D:1:      dpeg_arrival_stone_temple_mockup
D:2:      first_bread
D:3:      kennysheep_six_static_rooms
D:4:      minmay_temple_entry_junction
D:5:      bloody_makhleb, serial_shops, nicolae_shop_behind_doors,
          minmay_lizard_king
D:6:      serial_column_ruins, column_ruins_open_small, column_ruins_grid_1,
          column_ruins_open_tiny, column_ruins_open_medium, column_ruins_grid_2,
          column_ruins_corridor_water
D:7:      the_bakery
D:8:      serial_shops, kennysheep_mini
D:9:      grunt_lair_entry_elf_guard_hut
D:10:     hiddenorc1_lemuel, serial_shops, shop, basic_altar,
          grunt_decor_fettered, minmay_misc_feat_four_crosses,
          lemuel_statue_altar
Temple:   grunt_circular_temple_18
Lair:1:   infiniplex_staircase_pool, grunt_megastairs_2
Lair:2:   serial_bayou_lagoon_b, grunt_megastairs_1
Lair:3:   minmay_swamp_entry_worms, zaba_anthell
Lair:4:   dummy_snake_entry, lemuel_fruit_tree
Lair:5:   uniq_nessos
Lair:6:   minmay_slime_entry_pillars, lab_entry_generic, pf_torpor_hydra
Lab:      lab_statue, nicolae_lab_arrow, nicolae_lab_plus, lab_hedge,
          nicolae_lab_grate, nicolae_lab_dead_end, nicolae_lab_grate_2,
          labyrinth_skeletal_remains, labyrinth_fake_exit, nicolae_lab_lava,
          nicolae_lab_swirl

Action                   |  1- 3 |  4- 6 |  7- 9 | 10-12 | 13-15 || total
-------------------------+-------+-------+-------+-------+-------++-------
Melee: Mace              |     1 |     2 |     6 |       |       ||     9
       Scimitar          |       |       |       |    78 |     1 ||    79
       Dagger            |       |       |       |       |     9 ||     9
       Flail             |       |       |       |       |     4 ||     4
 Cast: Magic Dart        |    69 |   121 |   233 |   191 |    20 ||   634
       Dazzling Spray    |       |     5 |    19 |    28 |     5 ||    57
       Iskenderun's Myst |       |       |    36 |   254 |    60 ||   350
       Iskenderun's Batt |       |       |    17 |   106 |    17 ||   140
       Conjure Flame     |       |       |       |     2 |       ||     2
       Swiftness         |       |       |       |     1 |     1 ||     2
       Call Imp          |       |       |       |     8 |    11 ||    19
  Use: Scroll            |       |     8 |     4 |     5 |     4 ||    21
       Potion            |       |     1 |     4 |     8 |     1 ||    14
 Stab: Invisible         |       |       |       |     1 |       ||     1
       Sleeping          |       |       |       |     1 |       ||     1
  Eat: Bread ration      |     1 |       |     1 |     5 |     1 ||     8
       Chunk             |       |     2 |     6 |     4 |       ||    12
       Meat ration       |       |     1 |     3 |     3 |       ||     7
       Beef jerky        |       |       |       |     2 |       ||     2
       Fruit             |       |       |       |     1 |     4 ||     5
